 Dungeon Crawl Stone Soup version 0.30.0-29-ga12c61a403 (webtiles) character file.

Game seed: 6448668583191508224

1505 hawla the Firebug (level 9, -12/64 HPs)
             Began as a Meteoran Fire Elementalist on June 12, 2023.
             Was an Initiate of Vehumet.
             Killed by vampiric draining
             ... invoked by a vampire
              (15 damage)
             ... on level 7 of the Dungeon.
             The game lasted 00:11:02 (2291 turns).

hawla the Firebug (Meteoran Fire Elementalist)      Turns: 2291, Time: 00:11:02

Health: -12/64     AC:  7    Str: 10    XL:     9   Next: 30%
Magic:  6/20       EV: 13    Int: 22    God:    Vehumet [......]
Gold:   208        SH:  0    Dex: 14    Spells: 9/21 levels left

rFire   + . .        g - +0 flail
rCold   . . .        (no shield)
rNeg    . . .        a - +0 robe
rPois   +            (no helmet)
rElec   .            c - +1 cloak
rCorr   .            h - +2 pair of gloves
SInv    .            (no boots)
Will    +....        (no amulet)
Stlth   +            f - ring of protection from fire
HPRegen 0.30/turn    (no ring)
MPRegen 0.17/turn

%: random rage (3%)
@: glowing
A: sense surroundings 2, otherworldly, glowing, explore regen, berserk 1, poison
resistance, no potion heal 1
a: Renounce Religion


You were on level 7 of the Dungeon.
You worshipped Vehumet.
Vehumet was noncommittal.
You visited 2 branches of the dungeon, and saw 8 of its levels.

You collected 208 gold pieces.

Inventory:

Hand Weapons
 g - a +0 flail (weapon)
Armour
 a - a +0 robe (worn)
 c - a +1 cloak (worn)
 h - a +2 pair of gloves (worn)
Jewellery
 f - a ring of protection from fire (left hand)
Potions
 b - a potion of degeneration {unknown}
 i - a potion of haste {unknown}
 j - 2 potions of flight {unknown}


   Skills:
 - Level 1.0 Fighting
 - Level 1.8 Maces & Flails
 - Level 3.3 Dodging
 - Level 1.4 Stealth
 - Level 6.7 Spellcasting
 - Level 7.1 Conjurations
 - Level 7.5 Fire Magic
 + Level 2.4 Ice Magic
 + Level 2.7 Air Magic


You had 9 spell levels left.
You knew the following spells:

 Your Spells              Type           Power      Damage    Failure   Level
a - Foxfire               Conj/Fire      100%       2x1d9     1%          1
b - Scorch                Fire           80%        2d8       1%          2
c - Flame Wave            Conj/Fire      39%        2d11      4%          4
d - Freezing Cloud        Conj/Ice/Air   12%        6-21      41%         5

Your spell library contained the following spells:

 Spells                   Type           Power      Damage    Failure   Level
 Inner Flame              Hex/Fire       24%        N/A       5%          3
 Volatile Blastmotes      Fire/Tloc      48%        2d14      5%          3
 Beastly Appendage        Tmut           14%        N/A       9%          1
 Cigotuvi's Dreadful Rot  Necr/Pois/Air  22%        N/A       9%          2
 Ignite Poison            Fire/Tmut/Pois 18%        N/A       9%          3
 Lesser Beckoning         Tloc           14%        N/A       13%         2
 Wereblood                Tmut           7%         N/A       13%         2
 Gell's Gravitas          Tloc           7%         N/A       26%         3
 Spider Form              Tmut/Pois      7%         N/A       26%         3
 Teleport Other           Tloc           7%         N/A       26%         3


Dungeon Overview and Level Annotations

Branches:
Dungeon (7/15) Zot: 2255   Temple (1/1) D:6 Zot: 224

Altars:
Ashenzari
Cheibriados
Dithmenos
Elyvilon
Fedhas
Gozag
Hepliaklqana
Makhleb
Nemelex Xobeh
Qazlal
Sif Muna
Trog
Vehumet
Wu Jian
Xom
Yredelemnul
The Shining One

Shops:
D:2 !


Innate Abilities, Weirdness & Mutations

You passively map the area around you.
You are easily found by Zot.
You glow in the dark.
You regain HP and MP as you explore.
You sometimes lose your temper in combat.
Your system is resistant to poisons. (rPois)
Potions are less effective at restoring your health.


Message History

Unknown command.
You bump into the rock wall.
You feel less invigorated.
You feel less confused. The vampire draws life force from you!
* * * LOW HITPOINT WARNING * * *
The vampire is healed by the life force!
Unknown command.
It was a potion of curing.
Your system partially rejects the healing.
You feel better. The vampire barely misses you. The vampire closely misses you.
Your system partially rejects the healing.
You feel better.
The vampire hits you but does no damage.
The vampire bites you but does no damage.
Casting: Scorch (safe; 1% risk of failure)
Confirm with . or Enter, or press ? or * to list all spells.
Flames lash the vampire.
The vampire is burned terribly!
The vampire is heavily damaged.
The vampire barely misses you. The vampire closely misses you.
Unknown command.
Casting: Scorch (safe; 1% risk of failure)
Confirm with . or Enter, or press ? or * to list all spells.
Flames lash the vampire.
The vampire is burned terribly!
The vampire is heavily damaged.
The vampire hits you!
* * * LOW HITPOINT WARNING * * *
The vampire closely misses you.
Casting: Scorch (safe; 1% risk of failure)
Confirm with . or Enter, or press ? or * to list all spells.
Flames lash the vampire but do no damage.
The vampire hits you.
* * * LOW HITPOINT WARNING * * *
The vampire bites you but does no damage.
Unknown command.
Casting: Scorch (safe; 1% risk of failure)
Confirm with . or Enter, or press ? or * to list all spells.
Flames lash the vampire.
The vampire is burned terribly!
The vampire is almost destroyed.
The vampire draws life force from you!
You die...

*### ### ####* *
D.. #.# ... , #D#
,#.#..# ,* * * *
#ยง# ,#.#.#[#..
####.####........*
* #.....)V@.# ***
, , #..######## **
#.## * #..# ** ,
##.# * ,,,, ,,
#.## * , , #..####
* * ** * ##....# *
* > ##.#.# * , * *


You could see a vampire (combustible).

Vanquished Creatures
  Prince Ribbit (D:7)
  A steam dragon (D:7)
  3 ice beasts
  A black bear (D:6)
  A centaur (D:7)
  3 ogres
  A phantom (D:5)
  A gnoll sergeant (D:6)
  A scorpion (D:5)
  A howler monkey (D:7)
  2 hounds (D:5)
  A jelly (D:5)
  An orc priest (D:5)
  6 adders (D:5)
  3 gnolls (D:6)
  3 shadow imps
  A white imp (D:4)
  A worm (D:4)
  A dart slug (D:1)
  7 orcs (D:5)
  2 bats
  5 endoplasms
  A giant cockroach (D:4)
  A goblin (D:4)
  2 hobgoblins (D:1)
  10 jackals
  4 quokkas
  2 kobolds
  A rat (D:1)
68 creatures vanquished.

Vanquished Creatures (others)
  153 foxfires
153 creatures vanquished.

Grand Total: 221 creatures vanquished

Notes
Turn   | Place    | Note
-------+----------+-------------------------------------------
     0 | D:1      | hawla the Meteoran Fire Elementalist began the quest for
                  | the Orb.
     0 | D:1      | Reached XP level 1. HP: 14/14 MP: 5/5
    47 | D:1      | Reached XP level 2. HP: 19/20 MP: 1/6
    60 | D:1      | Learned a level 2 spell: Scorch
   283 | D:1      | Found a faded altar of an unknown god.
   301 | D:1      | Reached XP level 3. HP: 26/26 MP: 5/8
   306 | D:2      | Found Atwixuho's Distillery.
   484 | D:4      | Noticed an ogre
   488 | D:4      | Noticed an ogre
   490 | D:4      | Killed an ogre
   491 | D:4      | Reached skill level 5 in Fire Magic
   491 | D:4      | Reached XP level 4. HP: 33/33 MP: 0/10
   491 | D:4      | Reached XP level 5. HP: 38/38 MP: 0/11
   496 | D:4      | Killed an ogre
   497 | D:4      | Reached XP level 6. HP: 25/45 MP: 4/13
  1077 | D:5      | Entered Level 5 of the Dungeon
  1083 | D:5      | Gained mutation: Potions are less effective at restoring
                  | your health. [potion of mutation]
  1083 | D:5      | Gained mutation: You sometimes lose your temper in combat.
                  | [potion of mutation]
  1083 | D:5      | Gained mutation: Your system is resistant to poisons.
                  | (rPois) [potion of mutation]
  1112 | D:5      | Reached skill level 1 in Maces & Flails
  1121 | D:5      | Learned a level 4 spell: Flame Wave
  1146 | D:5      | Reached XP level 7. HP: 47/50 MP: 5/15
  1174 | D:5      | Reached skill level 5 in Conjurations
  1313 | D:5      | Reached XP level 8. HP: 29/57 MP: 0/16
  1437 | D:5      | Reached skill level 5 in Spellcasting
  1784 | D:6      | Found a staircase to the Ecumenical Temple.
  1791 | Temple   | Entered the Ecumenical Temple
  2093 | Temple   | Became a worshipper of Vehumet
  2200 | D:7      | Noticed Prince Ribbit
  2206 | D:7      | Killed Prince Ribbit
  2207 | D:7      | Reached skill level 1 in Fighting
  2207 | D:7      | Gained mutation: You passively map the area around you.
                  | [Meteoran growth]
  2207 | D:7      | Reached XP level 9. HP: 58/64 MP: 5/20
  2213 | D:7      | Learned a level 5 spell: Freezing Cloud
  2285 | D:7      | HP: 1/64 [vampire/vampiric draining (12)]
  2290 | D:7      | HP: 2/64 [vampire (2)]
  2291 | D:7      | Killed from afar by a vampire

Illustrated notes

Levels and vault maps discovered:
D:1:      dpeg_arrival_chambers_temple_mockup, layout_basic,
          basic_ecumenical_altar, st_stairs_9, minmay_misc_feat_roman,
          minmay_split_cup_small
D:2:      layout_rooms, serial_shops, nicolae_shop_tiny_real_fake_doors, shop,
          shop, nicolae_shop_tiny_waterfront
D:3:      kb_forest_paths, layout_rooms, hangedman_ru_absence
D:4:      kennysheep_spiral_hall, layout_loops_ring,
          chequers_serial_rivers_large_b
D:5:      layout_rooms
D:6:      layout_cave_pods, minmay_temple_entry_slanted, uniq_pikel
D:7:      minmay_thinvault, layout_basic, mainiacjoe_overflow_brackets,
          feat_on_display, uniq_prince_ribbit1, uniq_duvessa
Temple:   minmay_temple_bridge_d

Skill      XL: |  1  2  3  4  5  6  7  8  9 |
---------------+----------------------------+-----
Fire Magic     | 4 5 6 7 |  7.5
Spellcasting   | 3 4 6 |  6.7
Conjurations   | 2 3 6 7 |  7.1
Maces & Flails | 1 |  1.8
Dodging        | 3 |  3.3
Fighting       | 1 |  1.0
Ice Magic      | 2 |  2.4
Air Magic      | 2 |  2.7
Stealth        | |  1.4

Action                     |  1- 3 |  4- 6 |  7- 9 || total
---------------------------+-------+-------+-------++-------
  Melee: Unarmed           |     2 |       |       ||     2
         Flail             |       |     3 |     6 ||     9
   Cast: Foxfire           |    33 |    21 |    35 ||    89
         Scorch            |     3 |    15 |    25 ||    43
         Flame Wave        |       |     1 |     5 ||     6
    Use: Potion            |       |     2 |     3 ||     5
         Scroll            |       |     4 |     2 ||     6
 Armour: Robe              |     1 |     3 |    16 ||    20
  Dodge: Dodged            |       |    10 |    28 ||    38
